 Dungeon Crawl Stone Soup version 0.30-a0-219-gf2db51d15e (webtiles) character file.

Game seed: 13850993730619863993

663 Iusername the Shield-Bearer (level 7, -2/60 HPs)
             Began as a Gnoll Fighter on Oct 6, 2022.
             Was an Initiate of Qazlal.
             Slain by an iguana (7 damage)
             ... on level 5 of the Dungeon.
             The game lasted 00:07:24 (4729 turns).

Iusername the Shield-Bearer (Gnoll Fighter)         Turns: 4729, Time: 00:07:24

Health: -2/60      AC: 10    Str: 18    XL:     7   Next: 56%
Magic:  11/11      EV: 10    Int:  7    God:    Qazlal [......]
Gold:   288        SH:  5    Dex: 11    Spells: 11/11 levels left

rFire   . . .      SeeInvis .    a - +0 long sword
rCold   . . .      Faith    .    c - +0 buckler
rNeg    . . .      Spirit   .    b - +0 scale mail
rPois   .          Reflect  .    x - +0 helmet
rElec   .          Harm     .    v - +0 cloak
rCorr   .          Rampage  .    (no gloves)
Will    .....                    (no boots)
Stlth   +.........               (no amulet)
HPRegen 0.30/turn                (no ring)
MPRegen 0.12/turn                (no ring)

@: brilliant, hasted, very quick
A: fangs 1, strong nose, distributed training
a: Renounce Religion


You were on level 5 of the Dungeon.
You worshipped Qazlal.
Qazlal was noncommittal.
You visited 1 branch of the dungeon, and saw 5 of its levels.

You collected 288 gold pieces.

Inventory:

Hand Weapons
 a - a +0 long sword (weapon)
Missiles
 k - 7 boomerangs (quivered)
Armour
 b - a +0 scale mail (worn)
 c - a +0 buckler (worn)
 v - a +0 cloak (worn)
 x - a +0 helmet (worn)
Jewellery
 d - a ring of resist corrosion
Wands
 s - a wand of quicksilver (5)
 z - a wand of polymorph (10)
Scrolls
 f - 3 scrolls of teleportation {unknown}
 h - 11 scrolls of identify {unknown}
 j - 2 scrolls of vulnerability {unknown}
 n - a scroll of fear {unknown}
 o - 3 scrolls of magic mapping {unknown}
 p - 2 scrolls of blinking {unknown}
 t - a scroll of enchant armour {unknown}
 y - a scroll of fog {unknown}
 A - a scroll of silence {unknown}
Potions
 e - 2 potions of invisibility
 g - 2 potions of heal wounds {unknown}
 i - 2 potions of brilliance
 l - a potion of curing
 m - 2 potions of haste
 q - 2 potions of attraction {unknown}
 r - 2 potions of degeneration {unknown}
 u - a potion of flight {unknown}
 w - a potion of magic {unknown}


   Skills:
 + Level 7.1 Fighting
 + Level 2.7 Short Blades
 + Level 5.3 Long Blades
 + Level 2.7 Axes
 + Level 2.7 Maces & Flails
 + Level 2.7 Polearms
 + Level 2.7 Staves
 + Level 2.7 Ranged Weapons
 + Level 2.7 Throwing
 + Level 7.1 Armour
 + Level 2.7 Dodging
 + Level 2.7 Stealth
 + Level 7.1 Shields
 + Level 2.7 Unarmed Combat
 + Level 2.7 Spellcasting
 + Level 2.2 Conjurations
 + Level 2.2 Hexes
 + Level 2.2 Summonings
 + Level 2.2 Necromancy
 + Level 2.2 Translocations
 + Level 2.2 Transmutations
 + Level 2.2 Fire Magic
 + Level 2.2 Ice Magic
 + Level 2.2 Air Magic
 + Level 2.2 Earth Magic
 + Level 2.2 Poison Magic
 + Level 3.0 Invocations
 + Level 2.7 Evocations


You had 11 spell levels left.
You didn't know any spells.
Your spell library contained the following spells:

 Spells                   Type           Power      Damage    Failure   Level
 Magic Dart               Conj           24%        1d4       45%         1
 Blink                    Tloc           12%        N/A       61%         2
 Call Imp                 Summ           6%         N/A       61%         2
 Momentum Strike          Conj/Tloc      12%        3d8       61%         2
 Ignite Poison            Fire/Tmut/Pois 6%         N/A       83%         3
 Lesser Beckoning         Tloc           12%        N/A       83%         3
 Mephitic Cloud           Conj/Pois/Air  6%         N/A       83%         3
 Sticky Flame             Conj/Fire      6%         2d3       99%         4
 Ignition                 Fire           3%         3d4       100%        8


Dungeon Overview and Level Annotations

Branches:
Dungeon (5/15)
 Temple: D:4-7

Altars:
Hepliaklqana
Kikubaaqudgha
Makhleb
Qazlal
Sif Muna
Vehumet


Innate Abilities, Weirdness & Mutations

You have very sharp teeth.
Your uncanny sense of smell can sniff out nearby items.
Your experience applies equally to all skills.


Message History

The orc wizard flickers and vanishes!
Deactivating autopickup; reactivate with Ctrl-A.
The iguana misses you.
A worm comes into view.
You barely miss the iguana. You bite the iguana, but do no damage.
The iguana closely misses you.
You hear a zap.
Your mind is blasted!
The orc priest begins to cast a cantrip, but forgets the words!
You feel yourself speed up.
You hear a zap.
Your mind is blasted!
The orc hits you with a +0 mace. The iguana bites you.
The orc priest invokes the aid of Beogh against you.
Beogh smites you!
* * * LOW HITPOINT WARNING * * *
It was a potion of brilliance.
You feel clever all of a sudden.
It was a potion of curing.
You feel better. The orc hits you but does no damage.
Something hits you but does no damage.
The iguana bites you but does no damage.
You hit the iguana but do no damage. The iguana closely misses you.
Something hits you but does no damage. The orc closely misses you.
You barely miss the iguana.
You hear a zap.
Something tries to affect you, but you resist.
The iguana barely misses you. The orc hits you but does no damage.
The orc priest invokes the aid of Beogh against you.
Beogh smites you!
* * * LOW HITPOINT WARNING * * *
You feel better.
You closely miss the iguana. The iguana bites you.
* * * LOW HITPOINT WARNING * * *
You closely miss the iguana. The iguana bites you.
* * * LOW HITPOINT WARNING * * *
The orc hits you but does no damage.
You closely miss the iguana. Your bite misses the iguana.
You hear some strange, mumbled words.
Something tries to affect you, but you resist.
The iguana bites you!
You die...

...#.............#...+
...#.............'...#
#+##.............#.###
........#+###....###
........# #....'#
........# #....##
........# #....#+#
.####+### ####.w.# .#
#@..# .# #lo.# .+
#o.## .# #... .# ...##
.# .>.. .+ .... ..####


You could see a worm, an iguana, an orc priest and an orc.

Vanquished Creatures
  Duvessa (D:4)
  An ogre (D:5)
  Dowan (D:4)
  3 hounds
  A jelly (D:4)
  Crazy Yiuf (D:4)
  An orc priest (D:3)
  An iguana (D:3)
  An orc wizard (D:3)
  4 adders
  A white imp (D:5)
  An ufetubus (D:4)
  4 worms
  5 dart slugs
  15 orcs
  8 endoplasms
  5 giant cockroaches
  9 goblins
  7 hobgoblins
  5 jackals (D:1)
  4 kobolds
  6 quokkas
  12 ball pythons
  9 bats
  2 frilled lizards
  8 rats
116 creatures vanquished.

Notes
Turn   | Place    | Note
-------+----------+-------------------------------------------
     0 | D:1      | Iusername the Gnoll Fighter began the quest for the Orb.
     0 | D:1      | Reached XP level 1. HP: 23/23 MP: 1/1
    53 | D:1      | Reached XP level 2. HP: 29/29 MP: 2/2
   337 | D:1      | Reached XP level 3. HP: 32/35 MP: 3/3
   437 | D:1      | Reached skill level 1 in Invocations
   968 | D:2      | Reached skill level 1 in Short Blades
   968 | D:2      | Reached skill level 1 in Axes
   968 | D:2      | Reached skill level 1 in Maces & Flails
   968 | D:2      | Reached skill level 1 in Polearms
   968 | D:2      | Reached skill level 1 in Staves
   968 | D:2      | Reached skill level 1 in Ranged Weapons
   968 | D:2      | Reached skill level 1 in Throwing
   968 | D:2      | Reached skill level 1 in Dodging
   968 | D:2      | Reached skill level 1 in Stealth
   968 | D:2      | Reached skill level 1 in Unarmed Combat
   968 | D:2      | Reached skill level 1 in Spellcasting
   968 | D:2      | Reached skill level 1 in Evocations
  1123 | D:2      | Reached XP level 4. HP: 38/41 MP: 5/5
  1687 | D:3      | Reached skill level 1 in Conjurations
  1687 | D:3      | Reached skill level 1 in Hexes
  1687 | D:3      | Reached skill level 1 in Summonings
  1687 | D:3      | Reached skill level 1 in Necromancy
  1687 | D:3      | Reached skill level 1 in Translocations
  1687 | D:3      | Reached skill level 1 in Transmutations
  1687 | D:3      | Reached skill level 1 in Fire Magic
  1687 | D:3      | Reached skill level 1 in Ice Magic
  1687 | D:3      | Reached skill level 1 in Air Magic
  1687 | D:3      | Reached skill level 1 in Earth Magic
  1687 | D:3      | Reached skill level 1 in Poison Magic
  1800 | D:3      | Found a hazy altar of Hepliaklqana.
  1800 | D:3      | Found an ancient bone altar of Kikubaaqudgha.
  1800 | D:3      | Found a radiant altar of Vehumet.
  2026 | D:3      | Reached XP level 5. HP: 22/47 MP: 5/7
  2910 | D:4      | Noticed Dowan
  2911 | D:4      | Noticed Duvessa
  2922 | D:4      | Killed Duvessa
  2923 | D:4      | Reached skill level 5 in Long Blades
  2923 | D:4      | Reached XP level 6. HP: 9/53 MP: 7/9
  2928 | D:4      | Killed Dowan
  3533 | D:4      | Reached XP level 7. HP: 59/59 MP: 10/10
  3813 | D:4      | Found a burning altar of Makhleb.
  3823 | D:4      | Identified the +1 robe "Qyeskusk" {MP-9 Dex+9}
  3831 | D:4      | Found a runed translucent door.
  3832 | D:4      | Noticed Crazy Yiuf
  3854 | D:4      | Killed Crazy Yiuf
  3859 | D:4      | Identified the +4 hammer of Immorality {drain, Dex+4}
  4130 | D:4      | Found a shimmering blue altar of Sif Muna.
  4244 | D:4      | Found a stormy altar of Qazlal.
  4371 | D:4      | Became a worshipper of Qazlal Stormbringer
  4454 | D:5      | Entered Level 5 of the Dungeon
  4729 | D:5      | Slain by an iguana

Illustrated notes

Levels and vault maps discovered:
D:1:      minmay_arrival_glassed_features, layout_basic, kennysheep_doodads
D:2:      minmay_wonky_spiral, layout_loops_ring
D:3:      minmay_chambers_of_twos, layout_loops_ring,
          chequers_temple_overflow_statue_of_worship, serial_bayou_lake_a
D:4:      kennysheep_six_static_rooms, layout_basic,
          mainiacjoe_overflow_concentric_impassable,
          nicolae_sif_muna_little_library, mainiacjoe_overflow_alcove_1,
          uniq_crazy_yiuf_cottage, uniq_duvessa
D:5:      layout_gridville, gup_sewer_entry_bubbles, gammafunk_ghost_icy,
          nrook_loot_triangle

Skill      XL: |  1  2  3  4  5  6  7 |
---------------+----------------------+-----
Invocations    | 1 2 3 |  3.0
Short Blades   | 1 2 |  2.7
Axes           | 1 2 |  2.7
Maces & Flails | 1 2 |  2.7
Polearms       | 1 2 |  2.7
Staves         | 1 2 |  2.7
Ranged Weapons | 1 2 |  2.7
Throwing       | 1 2 |  2.7
Dodging        | 1 2 |  2.7
Stealth        | 1 2 |  2.7
Unarmed Combat | 1 2 |  2.7
Spellcasting   | 1 2 |  2.7
Evocations     | 1 2 |  2.7
Conjurations   | 1 2 |  2.2
Hexes          | 1 2 |  2.2
Summonings     | 1 2 |  2.2
Necromancy     | 1 2 |  2.2
Translocations | 1 2 |  2.2
Transmutations | 1 2 |  2.2
Fire Magic     | 1 2 |  2.2
Ice Magic      | 1 2 |  2.2
Air Magic      | 1 2 |  2.2
Earth Magic    | 1 2 |  2.2
Poison Magic   | 1 2 |  2.2
Long Blades    | 5 |  5.3
Fighting       | 7 |  7.1
Armour         | 7 |  7.1
Shields        | 7 |  7.1

Action                   |  1- 3 |  4- 6 |  7- 9 || total
-------------------------+-------+-------+-------++-------
Melee: Long sword        |   118 |   198 |    80 ||   396
       Bite              |     9 |    16 |    12 ||    37
Evoke: Wand              |       |     9 |       ||     9
  Use: Potion            |       |     3 |     4 ||     7
Armor: Scale mail        |    71 |    98 |    29 ||   198
Dodge: Dodged            |    68 |   147 |    31 ||   246
Block: Buckler           |    46 |    73 |    23 ||   142

Table legend: (Time is in decaauts)
 A = Elapsed time spent in this place.
 B = Non-inter-level travel time spent in this place.
 C = Inter-level travel time spent in this place.
 D = Time resting spent in this place.
 E = Time spent auto-exploring this place.
 F = Levels seen in this place.
 G = Mean time per level.
                   A        B        C        D        E       F      G
               +--------+--------+--------+--------+--------+-----+--------+
         Total |   4846 |   4693 |    153 |    847 |   2930 |   5 |  969.2 |
       Dungeon |   4846 |   4693 |    153 |    847 |   2930 |   5 |  969.2 |
               +--------+--------+--------+--------+--------+-----+--------+

Top non-repeatable levels by time:
     D:4: 1611 daAuts
     D:3: 1243 daAuts
     D:2: 858 daAuts
     D:1: 853 daAuts
     D:5: 278 daAuts
